 Dungeon Sprint DCSS version 0.21-a0-414-gba8bdf1 (webtiles) character file.

22 Kidiri the Ruffian (level 2, -1/25 HPs)
             Began as a Draconian Transmuter on Nov 2, 2017.
             Killed by nerve-wracking pain
             ... invoked by a shadow imp
              (11 damage)
             ... in the Dungeon (Sprint IX: "|||||||||||||||||||||||||||||").
             The game lasted 00:00:47 (124 turns).

Kidiri the Ruffian (Draconian Transmuter)            Turns: 124, Time: 00:00:47

Health: -1/25      AC:  4    Str: 12    XL:     2   Next: 68%
Magic:  4/6        EV: 12    Int: 13    God:
Gold:   0          SH:  0    Dex: 11    Spells: 6/7 levels left

rFire    . . .     SeeInvis .     - Unarmed
rCold    . . .     Gourm    .   (no shield)
rNeg     . . .     Faith    .   (armour unavailable)
rPois    .         Spirit   .   (helmet restricted)
rElec    .         Reflect  .   (no cloak)
rCorr    .         Harm     .   (no gloves)
MR       .....     NoTele   +   (no boots)
Stlth    ++........             (no amulet)
HPRegen  0.08/turn              (no ring)
MPRegen  0.10/turn              (no ring)

@: appendage (expiring)
A: unfitting armour, horns 2, cold-blooded, AC +4
a: End Transformation


You were in the Dungeon.
You were not hungry.
You had grown temporary horns.
You visited 1 branch

Inventory:

Missiles
 a - 12 arrows
Scrolls
 i - a scroll of blinking
Potions
 f - a potion of haste
 g - 2 potions of magic
 h - a potion of berserk rage
Books
 b - a book of Changes

   Spells                             Type                      Level
   a - Beastly Appendage              Transmutation                1
   b - Sticks to Snakes               Transmutation                2
   c - Spider Form                    Transmutation/Poison         3
   d - Ice Form                       Ice/Transmutation            4
   e - Blade Hands                    Transmutation                5
Comestibles
 c - a bread ration
 j - 4 chunks of flesh


   Skills:
 * Level 2.9 Fighting
 + Level 2.4 Dodging
 + Level 1.4 Stealth
 * Level 3.9 Unarmed Combat
 * Level 3.0 Spellcasting
 + Level 2.6 Transmutations


You had 6 spell levels left.
You knew the following spells:

 Your Spells              Type           Power        Failure   Level  Hunger
a - Beastly Appendage     Tmut           #.....       8%          1    #......


Dungeon Overview and Level Annotations

Branches:
Dungeon (1/1)

Altars:


Innate Abilities, Weirdness & Mutations

Your plain brown scales are hard. (AC +4)
You cannot fit into any form of body armour.
You are cold-blooded and may be slowed by cold attacks.
You have a pair of horns on your head.


Message History

Your Spellcasting skill increases to level 3!
The shadow imp gestures at you. Pain shoots through your body!
Ouch! That really hurt!
* * * LOW HITPOINT WARNING * * *
You feel much better.
You hit the shadow imp.
The shadow imp is heavily wounded.
The shadow imp hits you.
You hit the shadow imp.
The shadow imp is heavily wounded.
Your transformation is almost over.
The shadow imp gestures at you. Pain shoots through your body!
You hit the shadow imp but do no damage.
The shadow imp is heavily wounded.
The shadow imp puffs mist at you. The shadow imp gestures at you.
Pain shoots through your body!
You die... ▓▓▓▓▓▓▓▓▓▓▓▓▓▓▓▓▓▓ ▓<...'.)...@5....+ ▓▓▓▓▓▓▓▓▓▓▓▓▓▓▓▓▓▓

You could see a shadow imp.

Vanquished Creatures
  An adder (D)
  A worm (D)
  A dart slug (D)
  A leopard gecko (D)
  A goblin (D)
  A hobgoblin (D)
  2 frilled lizards (D)
  A quokka skeleton (D)
9 creatures vanquished.

Notes
Turn   | Place    | Note
-------+----------+-------------------------------------------
     0 | D        | Kidiri the Draconian Transmuter began the quest for the Orb.
     0 | D        | Reached XP level 1. HP: 16/16 MP: 3/3
   111 | D        | Reached skill level 1 in Stealth
   111 | D        | Reached XP level 2. HP: 24/25 MP: 3/5
   124 | D        | Killed from afar by a shadow imp

Vault maps used:
D:        linesprint

Skill      XL: |  1  2 |
---------------+-------+-----
Dodging        | 2 |  2.4
Fighting       | 2 |  2.9
Stealth        | 1 |  1.4
Spellcasting   | 3 |  3.0
Unarmed Combat | |  3.9
Transmutations | |  2.6

Action                   || total
-------------------------++-------
Melee: Unarmed           ||    41
       Headbutt          ||     4
       Tailslap          ||     2
       Punch             ||     1
 Cast: Beastly Appendage ||     3
  Use: Potion            ||     2
Armor: Skin              ||     7
Dodge: Dodged            ||    19

Table legend:
 A = Spawn XP
 B = Non-spawn XP
 C = Spawn XP percentage of total XP
 D = Spawn monster count
 E = Non-spawn monster count
 F = Spawn count percentage of total count
 G = Total turns spent on level
                    A         B        C        D         E        F      G
               +---------+---------+-------+---------+---------+-------+---------
         Total |       0 |      32 |   0.0 |       0 |       9 |   0.0 |   124
               +---------+---------+-------+---------+---------+-------+---------
             D |       0 |      32 |   0.0 |       0 |       9 |   0.0 |   124
               +---------+---------+-------+---------+---------+-------+---------
